NEW YORK I vs COLUMBUS

Created - March-19-21 at 16:44

Goals
1 2 3 T
NEW YORK I 1 1 0 2
COLUMBUS 2 3 0 5
Shots
1 2 3 T
NEW YORK I 6 5 4 15
COLUMBUS 11 17 5 33

1st period

1. COLUMBUS , Aleksander Barkov 17 (Ben Chiarot 15, Steven Stamkos 25) at 5:52
2. NEW YORK I , Brandon Saad 9 (Scott Mayfield 12) at 7:21
3. COLUMBUS , Carl Gunnarsson 1 (Luke Kunin 10, John Carlson 14) at 14:42

Penalties :
John Carlson (CBJ) for Hooking (Minor) at 12:04

2nd period

4. COLUMBUS , Lars Eller 11 (T.J. Oshie 7) at 3:28 (PP)
5. COLUMBUS , Cam Atkinson 11 (John Carlson 15, Sean Kuraly 3) at 8:12
6. COLUMBUS , Lars Eller 12 (Jacob Trouba 22, Jonathan Drouin 13) at 15:47 (PP)
7. NEW YORK I , Jared Spurgeon 5 (Rasmus Ristolainen 13) at 19:39 (PP)

Penalties :
Matt Dumba (NYI) for High sticking (Minor) at 1:38, Scott Mayfield (NYI) for Roughing (Minor) at 4:59, Pat Maroon (NYI) for Slashing (Minor) at 14:17, Carl Gunnarsson (CBJ) for Boarding (Minor) at 18:52

3rd period

No Goal

Penalties :
Matt Dumba (NYI) for High sticking (Minor) at 1:38, Sean Kuraly (CBJ) for Roughing (Minor) at 3:48, Boone Jenner (NYI) for Hooking (Minor) at 15:52, Ben Hutton (NYI) for Hooking (Minor) at 18:28

Goalie Stats

Jacob Markstrom (NYI), 28 saves from 33 shots - (0.848), L, 18-8-2, 60:00 minutes
David Rittich (CBJ), 13 saves from 15 shots - (0.867), W, 8-1-0, 60:00 minutes

Players Stats for NEW YORK I

Player Name              G  A  P  +/- PIM S  H  SB GA TA FO     MP     PP MP  PK MP  
------------------------------------------------------------------------------------
Anthony Mantha           0  0  0   1  0   1  3  0  0  0  1/2    15:24   2:29   0:00 
Austin Watson            0  0  0  -1  0   0  0  0  0  0  1/1    17:11   0:00   6:19 
Ben Hutton               0  0  0   1  2   1  0  0  0  0  0/0    12:48   0:00   0:25 
Boone Jenner             0  0  0  -1  2   1  0  1  0  0  11/23  16:27   0:00   5:36 
Brandon Saad             1  0  1   1  0   3  0  0  0  0  0/1    15:24   2:29   0:00 
Carter Rowney            0  0  0   0  0   0  0  0  0  0  0/0     2:58   0:00   2:58 
Cedric Paquette          0  0  0   0  0   0  2  0  0  0  0/3     9:36   0:00   3:56 
Esa Lindell              0  0  0  -2  0   0  0  4  0  0  0/0    24:28   2:08   5:35 
Jared Spurgeon           1  0  1  -1  0   1  1  2  0  0  0/0    17:55   2:37   0:00 
Josh Bailey              0  0  0  -2  0   2  0  0  0  0  0/0    17:16   2:16   0:00 
Logan Couture            0  0  0  -2  0   0  0  0  0  0  10/21  17:16   2:16   0:00 
Marcus Foligno           0  0  0  -1  0   1  0  1  0  0  0/1    10:52   0:00   0:00 
Matt Dumba               0  0  0  -1  4   0  2  1  0  0  0/0    18:09   0:00   2:53 
Nick Foligno             0  0  0  -2  0   1  3  1  0  0  1/1    18:47   2:16   1:31 
Pat Maroon               0  0  0   0  2   0  1  0  0  0  0/0     5:39   0:00   0:00 
Pierre-Edouard Bellemare 0  0  0   0  0   0  0  0  0  0  8/12    6:56   0:00   1:16 
Rasmus Ristolainen       0  1  1  -2  0   2  3  0  0  0  0/0    24:57   2:37   5:35 
Ryan Strome              0  0  0   1  0   1  1  0  0  0  6/16   15:24   2:29   0:00 
Scott Mayfield           0  1  1   1  2   1  4  1  0  0  0/0    18:37   2:08   4:06 
Troy Stecher             0  0  0   0  0   0  0  1  0  0  0/0     3:02   0:00   3:02 

Players Stats for COLUMBUS

Player Name              G  A  P  +/- PIM S  H  SB GA TA FO     MP     PP MP  PK MP  
------------------------------------------------------------------------------------
Aleksander Barkov        1  0  1   1  0   6  1  0  0  0  18/30  21:59   5:04   3:17 
Anthony Beauvillier      0  0  0   1  0   0  3  1  0  0  0/1    18:52   5:04   0:10 
Ben Chiarot              0  1  1   1  0   0  0  0  0  0  0/0    20:19   5:44   1:09 
Cam Atkinson             1  0  1   1  0   5  0  0  0  0  0/0    11:31   0:00   0:00 
Carl Gunnarsson          1  0  1   2  2   1  0  0  0  0  0/0     4:27   0:00   0:23 
Derek Grant              0  0  0   1  0   1  2  0  0  0  9/16   12:47   0:11   1:05 
Erik Cernak              0  0  0  -1  0   0  7  0  0  0  0/0    13:27   0:00   0:00 
Jack Roslovic            0  0  0   1  0   0  0  0  0  0  0/2     8:52   0:00   0:23 
Jacob Trouba             0  1  1   1  0   1  0  2  0  0  0/0    20:32   5:44   1:22 
John Carlson             0  2  2   2  2   1  0  1  0  0  0/0    24:30   5:04   1:53 
Jonathan Drouin          0  1  1  -1  0   4  0  0  0  0  1/2    16:22   5:33   0:00 
Kaapo Kakko              0  0  0   1  0   1  0  0  0  0  0/0     8:29   0:00   0:00 
Lars Eller               2  0  2  -1  0   3  1  1  0  0  8/20   17:40   5:33   1:18 
Luke Kunin               0  1  1   1  0   1  1  0  0  0  6/8     8:29   0:00   0:00 
Mattias Ekholm           0  0  0   0  0   4  0  0  0  0  0/0    21:56   5:04   3:23 
Ryan Murray              0  0  0  -1  0   0  0  1  0  0  0/0    14:47   0:00   1:20 
Sean Kuraly              0  1  1   1  2   0  3  0  0  0  1/1    11:41   0:11   0:00 
Steven Stamkos           0  1  1   1  0   3  2  0  0  0  0/1    21:59   5:04   3:17 
T.J. Oshie               0  1  1  -1  0   2  2  0  0  0  0/0    16:33   5:44   0:00 

3 Stars

1 - Lars Eller (CBJ)
2 - Aleksander Barkov (CBJ)
3 - Cam Atkinson (CBJ)

Power Play

NEW YORK I - 1 on 3 Attempt(s) - 33.33%
COLUMBUS - 2 on 6 Attempt(s) - 33.33%

Penalty Kill

NEW YORK I - 4 on 6 Attempt(s) - 66.67% - Score 0 goal in Penalty Kill
COLUMBUS - 2 on 3 Attempt(s) - 66.67% - Score 0 goal in Penalty Kill

Team Stat

NEW YORK I - Hits : 20 - Faceoff Wins : 38 - Blocked Shots : 12 - Penalty Minutes : 12
COLUMBUS - Hits : 22 - Faceoff Wins : 43 - Blocked Shots : 6 - Penalty Minutes : 6

Official

Referees : Chris Schlenker and Eric Furlatt
Linesman : Mike Venner and Bryan Pancich

Game Notes

No Game Note

Finance

Level 1 -- Attendance: 5202 (86.70%) -- Ticket Income $468,180
Level 2 -- Attendance: 4903 (98.06%) -- Ticket Income $245,150
Level 3 -- Attendance: 1770 (88.50%) -- Ticket Income $53,100
Level 4 -- Attendance: 3856 (96.40%) -- Ticket Income $57,840
Luxury Box -- Attendance: 882 (88.20%) -- Ticket Income $158,760
Game was played at the Nationwide Arena.
Total Attendance: 16613 (92.29%)
Total Ticket Income: $983,030
Total Income: $983,030

NEW YORK I

5 vs 5 Forward 
   Center                   Left Wing                Right Wing               Time % Phy DF OF 
 1 Logan Couture            Nick Foligno             Josh Bailey              35     1   1  3  
 2 Ryan Strome              Brandon Saad             Anthony Mantha           30     1   2  2  
 3 Boone Jenner             Marcus Foligno           Austin Watson            25     1   2  2  
 4 Pierre-Edouard Bellemare Pat Maroon               Cedric Paquette          10     2   3  0  

5 vs 5 Defense 
   Defense                  Defense                                           Time % Phy DF OF 
 1 Rasmus Ristolainen       Esa Lindell                                       35     1   2  2  
 2 Matt Dumba               Jared Spurgeon                                    30     1   2  2  
 3 Ben Hutton               Scott Mayfield                                    25     1   2  2  
 4 Rasmus Ristolainen       Esa Lindell                                       10     1   2  2  

PowerPlay Forward 
   Center                   Left Wing                Right Wing               Time % Phy DF OF 
 1 Logan Couture            Nick Foligno             Josh Bailey              60     1   2  2  
 2 Ryan Strome              Brandon Saad             Anthony Mantha           40     1   2  2  

PowerPlay Defense
   Defense                  Defense                                           Time % Phy DF OF 
 1 Rasmus Ristolainen       Jared Spurgeon                                    60     1   2  2  
 2 Scott Mayfield           Esa Lindell                                       40     1   2  2  

Penalty Kill 4 Players Forward 
   Center                   Wing                     Time % Phy DF OF 
 1 Boone Jenner             Austin Watson            60     1   2  2  
 2 Cedric Paquette          Carter Rowney            40     1   2  2  

Penalty Kill 4 Players Defense
   Defense                  Defense                  Time % Phy DF OF 
 1 Rasmus Ristolainen       Esa Lindell              60     1   2  2  
 2 Matt Dumba               Scott Mayfield           40     1   2  2  

Penalty Kill - 3 Players Forward 
   Forward                                           Time % Phy DF OF 
 1 Boone Jenner                                      60     1   2  2  
 2 Marcus Foligno                                    40     1   2  2  

Penalty Kill - 3 Players Defense
   Defense                  Defense                  Time % Phy DF OF 
 1 Rasmus Ristolainen       Esa Lindell              60     1   2  2  
 2 Jared Spurgeon           Scott Mayfield           40     1   2  2  

4 vs 4 Forward 
   Center                   Wing                     Time % Phy DF OF 
 1 Logan Couture            Brandon Saad             60     1   2  2  
 2 Ryan Strome              Anthony Mantha           40     1   2  2  

4 vs 4 Defense
   Defense                  Defense                  Time % Phy DF OF 
 1 Rasmus Ristolainen       Esa Lindell              60     1   2  2  
 2 Jared Spurgeon           Scott Mayfield           40     1   2  2  

Last Minutes Offensive
   Center                   Left Wing                Right Wing               Defense                  Defense                  
   Logan Couture            Brandon Saad             Anthony Mantha           Rasmus Ristolainen       Jared Spurgeon           

Last Minutes Defensive
   Center                   Left Wing                Right Wing               Defense                  Defense                  
   Boone Jenner             Marcus Foligno           Cedric Paquette          Rasmus Ristolainen       Scott Mayfield           

Goaltenders
Starting : Jacob Markstrom          
Backup : Curtis McElhinney        

Extra Forwards
Normal : Austin Watson, Josh Bailey, Pat Maroon - PP : Pierre-Edouard Bellemare, Cedric Paquette - PK : Austin Watson
Extra Defensemen
Normal : Troy Stecher, Jared Spurgeon, Ben Hutton - PP : Troy Stecher - PK : Scott Mayfield, Troy Stecher
Penalty Shots
Logan Couture, Anthony Mantha, Brandon Saad, Nick Foligno, Ryan Strome

Scratches
NYI Cap Hit (Suspend)

COLUMBUS

5 vs 5 Forward 
   Center                   Left Wing                Right Wing               Time % Phy DF OF 
 1 Aleksander Barkov        Anthony Beauvillier      Steven Stamkos           35     1   2  2  
 2 Lars Eller               Jonathan Drouin          T.J. Oshie               30     1   2  2  
 3 Derek Grant              Sean Kuraly              Cam Atkinson             25     1   2  2  
 4 Luke Kunin               Jack Roslovic            Kaapo Kakko              10     1   2  2  

5 vs 5 Defense 
   Defense                  Defense                                           Time % Phy DF OF 
 1 John Carlson             Mattias Ekholm                                    35     1   2  2  
 2 Jacob Trouba             Ben Chiarot                                       30     1   2  2  
 3 Erik Cernak              Ryan Murray                                       25     1   2  2  
 4 Carl Gunnarsson          John Carlson                                      10     1   2  2  

PowerPlay Forward 
   Center                   Left Wing                Right Wing               Time % Phy DF OF 
 1 Aleksander Barkov        Anthony Beauvillier      Steven Stamkos           60     1   2  2  
 2 Lars Eller               Jonathan Drouin          T.J. Oshie               40     1   2  2  

PowerPlay Defense
   Defense                  Defense                                           Time % Phy DF OF 
 1 John Carlson             Mattias Ekholm                                    60     1   2  2  
 2 Jacob Trouba             Ben Chiarot                                       40     1   2  2  

Penalty Kill 4 Players Forward 
   Center                   Wing                     Time % Phy DF OF 
 1 Aleksander Barkov        Steven Stamkos           60     1   2  2  
 2 Derek Grant              Lars Eller               40     1   2  2  

Penalty Kill 4 Players Defense
   Defense                  Defense                  Time % Phy DF OF 
 1 John Carlson             Mattias Ekholm           60     1   2  2  
 2 Jacob Trouba             Ben Chiarot              40     1   2  2  

Penalty Kill - 3 Players Forward 
   Forward                                           Time % Phy DF OF 
 1 Aleksander Barkov                                 60     1   2  2  
 2 Lars Eller                                        40     1   2  2  

Penalty Kill - 3 Players Defense
   Defense                  Defense                  Time % Phy DF OF 
 1 John Carlson             Mattias Ekholm           60     1   2  2  
 2 Jacob Trouba             Ben Chiarot              40     1   2  2  

4 vs 4 Forward 
   Center                   Wing                     Time % Phy DF OF 
 1 Aleksander Barkov        T.J. Oshie               60     1   2  2  
 2 Steven Stamkos           Cam Atkinson             40     1   2  2  

4 vs 4 Defense
   Defense                  Defense                  Time % Phy DF OF 
 1 John Carlson             Mattias Ekholm           60     1   2  2  
 2 Jacob Trouba             Ben Chiarot              40     1   2  2  

Last Minutes Offensive
   Center                   Left Wing                Right Wing               Defense                  Defense                  
   Aleksander Barkov        Anthony Beauvillier      Steven Stamkos           John Carlson             Mattias Ekholm           

Last Minutes Defensive
   Center                   Left Wing                Right Wing               Defense                  Defense                  
   Aleksander Barkov        Anthony Beauvillier      Steven Stamkos           John Carlson             Mattias Ekholm           

Goaltenders
Starting : David Rittich            
Backup : Mikko Koskinen           

Extra Forwards
Normal : Derek Grant, Sean Kuraly, Jack Roslovic - PP : Derek Grant, Sean Kuraly - PK : Jack Roslovic
Extra Defensemen
Normal : Erik Cernak, Ryan Murray, Carl Gunnarsson - PP : Erik Cernak - PK : Ryan Murray, Carl Gunnarsson
Penalty Shots
Aleksander Barkov, Steven Stamkos, T.J. Oshie, Cam Atkinson, Anthony Beauvillier

Scratches
Emil Bemstrom (Healthy), CBJ Cap Hit (Suspend)

% Time on Ice - NEW YORK I

Lines # - Real PCT - Wanted PCT - Time Play
Normal Forward
1 - 34% - 35% - 15:00
2 - 29% - 30% - 12:55
3 - 24% - 25% - 10:52
4 - 13% - 10% - 5:40
Normal Defense
1 - 34% - 35% - 14:56
2 - 34% - 30% - 15:18
3 - 28% - 25% - 12:24
4 - 4% - 10% - 1:49
PP Forward
1 - 48% - 60% - 2:16
2 - 52% - 40% - 2:29
PP Defense
1 - 55% - 60% - 2:37
2 - 45% - 40% - 2:08
PK Forward
1 - 73% - 60% - 7:50
2 - 27% - 40% - 2:58
PK Defense
1 - 52% - 60% - 5:35
2 - 48% - 40% - 5:13
PK3 Forward
1 - 0% - 60%
2 - 0% - 40%
PK3 Defense
1 - 0% - 60%
2 - 0% - 40%
44 Forward
1 - 0% - 60%
2 - 0% - 40%
44 Defense
1 - 0% - 60%
2 - 0% - 40%
Last Minute Offensive  - 0:00
Last Minute Defensive  - 0:00
Total
Forward - 60:00
Defense - 60:00

% Time on Ice - COLUMBUS

Lines # - Real PCT - Wanted PCT - Time Play
Normal Forward
1 - 31% - 35% - 13:38
2 - 24% - 30% - 10:49
3 - 26% - 25% - 11:31
4 - 19% - 10% - 8:29
Normal Defense
1 - 30% - 35% - 13:29
2 - 30% - 30% - 13:26
3 - 30% - 25% - 13:27
4 - 9% - 10% - 4:05
PP Forward
1 - 47% - 60% - 5:04
2 - 53% - 40% - 5:44
PP Defense
1 - 47% - 60% - 5:04
2 - 53% - 40% - 5:44
PK Forward
1 - 73% - 60% - 3:27
2 - 27% - 40% - 1:18
PK Defense
1 - 76% - 60% - 3:36
2 - 24% - 40% - 1:09
PK3 Forward
1 - 0% - 60%
2 - 0% - 40%
PK3 Defense
1 - 0% - 60%
2 - 0% - 40%
44 Forward
1 - 0% - 60%
2 - 0% - 40%
44 Defense
1 - 0% - 60%
2 - 0% - 40%
Last Minute Offensive  - 0:00
Last Minute Defensive  - 0:00
Total
Forward - 60:00
Defense - 60:00

Play-by-Play

1st period


0:01 of 1st period - Logan Couture wins face-off versus Steven Stamkos in neutral zone.
0:13 of 1st period - Shot by Aleksander Barkov.
0:13 of 1st period - Shot Misses the Net.
0:15 of 1st period - Shot by Aleksander Barkov.
0:15 of 1st period - Stopped by Jacob Markstrom without a rebound.
0:16 of 1st period - Ryan Strome wins face-off versus Lars Eller in NEW YORK I zone.
0:50 of 1st period - Off-side.
0:51 of 1st period - Sean Kuraly wins face-off versus Boone Jenner in neutral zone.
1:09 of 1st period - Boone Jenner is hit by Erik Cernak.
1:11 of 1st period - Shot by Marcus Foligno.
1:11 of 1st period - Shot Misses the Net.
1:24 of 1st period - Cam Atkinson is hit by Scott Mayfield and loses puck.
1:53 of 1st period - Shot by Logan Couture.
1:53 of 1st period - Shot Blocked by Anthony Beauvillier.
1:55 of 1st period - Shot by Rasmus Ristolainen.
1:55 of 1st period - Stopped by David Rittich without a rebound.
1:56 of 1st period - Luke Kunin wins face-off versus Pierre-Edouard Bellemare in COLUMBUS zone.
1:56 of 1st period - Luke Kunin is hit by Pat Maroon.
3:05 of 1st period - Icing by Josh Bailey.
3:06 of 1st period - Logan Couture wins face-off versus Anthony Beauvillier in NEW YORK I zone.
3:06 of 1st period - Logan Couture is hit by Steven Stamkos.
3:35 of 1st period - Jared Spurgeon is hit by Steven Stamkos and loses puck.
3:43 of 1st period - Icing by Logan Couture.
3:44 of 1st period - Logan Couture wins face-off versus Lars Eller in NEW YORK I zone.
4:04 of 1st period - Anthony Mantha is hit by Erik Cernak and loses puck.
4:23 of 1st period - Anthony Mantha is hit by Erik Cernak and loses puck.
4:56 of 1st period - Rasmus Ristolainen is hit by Sean Kuraly and loses puck.
5:05 of 1st period - Rasmus Ristolainen is hit by Sean Kuraly and loses puck.
5:38 of 1st period - Icing by Rasmus Ristolainen.
5:39 of 1st period - Aleksander Barkov wins face-off versus Boone Jenner in NEW YORK I zone.
5:50 of 1st period - Shot by Aleksander Barkov.
5:50 of 1st period - Shot Misses the Net.
5:52 of 1st period - Shot by Aleksander Barkov.
5:52 of 1st period - Goal by Aleksander Barkov - NEW YORK I : 0 - COLUMBUS : 1.
5:53 of 1st period - Luke Kunin wins face-off versus Logan Couture in neutral zone.
5:58 of 1st period - Shot by Luke Kunin.
5:58 of 1st period - Deflect By Kaapo Kakko.
5:58 of 1st period - Stopped by Jacob Markstrom with a rebound.
6:00 of 1st period - Shot by Jack Roslovic.
6:00 of 1st period - Shot Misses the Net.
6:50 of 1st period - Anthony Mantha is hit by Anthony Beauvillier and loses puck.
7:00 of 1st period - Shot by Scott Mayfield.
7:00 of 1st period - Deflect By Ryan Strome.
7:00 of 1st period - Shot Misses the Net.
7:02 of 1st period - Shot by Ben Hutton.
7:02 of 1st period - Stopped by David Rittich without a rebound.
7:03 of 1st period - Pierre-Edouard Bellemare wins face-off versus Lars Eller in COLUMBUS zone.
7:03 of 1st period - Pierre-Edouard Bellemare is hit by Erik Cernak.
7:07 of 1st period - Shot by Pat Maroon.
7:07 of 1st period - Shot Blocked by Ryan Murray.
7:09 of 1st period - Shot by Rasmus Ristolainen.
7:09 of 1st period - Stopped by David Rittich without a rebound.
7:10 of 1st period - Ryan Strome wins face-off versus Jonathan Drouin in COLUMBUS zone.
7:11 of 1st period - Shot by Brandon Saad.
7:11 of 1st period - Shot Misses the Net.
7:21 of 1st period - Shot by Brandon Saad.
7:21 of 1st period - Goal by Brandon Saad - NEW YORK I : 1 - COLUMBUS : 1.
7:22 of 1st period - Aleksander Barkov wins face-off versus Boone Jenner in neutral zone.
7:44 of 1st period - Shot by Steven Stamkos.
7:44 of 1st period - Shot Misses the Net.
7:46 of 1st period - Shot by Mattias Ekholm.
7:46 of 1st period - Shot Misses the Net.
7:48 of 1st period - Shot by John Carlson.
7:48 of 1st period - Shot Misses the Net.
7:50 of 1st period - Shot by Aleksander Barkov.
7:50 of 1st period - Stopped by Jacob Markstrom without a rebound.
7:51 of 1st period - Derek Grant wins face-off versus Ryan Strome in NEW YORK I zone.
7:55 of 1st period - Icing by Matt Dumba.
7:56 of 1st period - Ryan Strome wins face-off versus Derek Grant in NEW YORK I zone.
7:56 of 1st period - Ryan Strome is hit by Sean Kuraly.
8:08 of 1st period - Shot by Derek Grant.
8:08 of 1st period - Shot Blocked by Jared Spurgeon.
8:10 of 1st period - Shot by Cam Atkinson.
8:10 of 1st period - Stopped by Jacob Markstrom with a rebound.
8:12 of 1st period - Shot by Derek Grant.
8:12 of 1st period - Shot Hit the Post.
8:22 of 1st period - Shot by Cam Atkinson.
8:22 of 1st period - Stopped by Jacob Markstrom without a rebound.
8:23 of 1st period - Logan Couture wins face-off versus Lars Eller in NEW YORK I zone.
8:33 of 1st period - T.J. Oshie is hit by Nick Foligno and loses puck.
8:49 of 1st period - Lars Eller is hit by Rasmus Ristolainen and loses puck.
9:30 of 1st period - Shot by Steven Stamkos.
9:30 of 1st period - Stopped by Jacob Markstrom without a rebound.
9:31 of 1st period - Pierre-Edouard Bellemare wins face-off versus Derek Grant in NEW YORK I zone.
9:39 of 1st period - Matt Dumba is hit by Derek Grant and loses puck.
10:46 of 1st period - Shot by Ryan Strome.
10:46 of 1st period - Deflect By Brandon Saad.
10:46 of 1st period - Shot Blocked by Jacob Trouba.
11:35 of 1st period - Icing by Rasmus Ristolainen.
11:36 of 1st period - Aleksander Barkov wins face-off versus Logan Couture in NEW YORK I zone.
11:39 of 1st period - Shot by Steven Stamkos.
11:39 of 1st period - Shot Blocked by Esa Lindell.
11:41 of 1st period - Shot by Aleksander Barkov.
11:41 of 1st period - Stopped by Jacob Markstrom without a rebound.
11:42 of 1st period - Boone Jenner wins face-off versus Aleksander Barkov in NEW YORK I zone.
11:42 of 1st period - Austin Watson is hit by Aleksander Barkov.
12:04 of 1st period - Minor Penalty to John Carlson for Hooking.
12:05 of 1st period - Logan Couture wins face-off versus Aleksander Barkov in COLUMBUS zone.
12:27 of 1st period - Icing by Josh Bailey.
12:28 of 1st period - Logan Couture wins face-off versus Aleksander Barkov in NEW YORK I zone.
13:14 of 1st period - Off-side.
13:15 of 1st period - Anthony Mantha wins face-off versus Jack Roslovic in neutral zone.
13:24 of 1st period - Shot by Anthony Mantha.
13:24 of 1st period - Stopped by David Rittich without a rebound.
13:25 of 1st period - Aleksander Barkov wins face-off versus Anthony Mantha in COLUMBUS zone.
14:26 of 1st period - Shot by Kaapo Kakko.
14:26 of 1st period - Shot Misses the Net.
14:40 of 1st period - Shot by Luke Kunin.
14:40 of 1st period - Shot Blocked by Nick Foligno.
14:42 of 1st period - Shot by Carl Gunnarsson.
14:42 of 1st period - Goal by Carl Gunnarsson - NEW YORK I : 1 - COLUMBUS : 2.
14:43 of 1st period - Lars Eller wins face-off versus Boone Jenner in neutral zone.
14:46 of 1st period - Boone Jenner is hit by Lars Eller and loses puck.
15:07 of 1st period - Shot by Lars Eller.
15:07 of 1st period - Stopped by Jacob Markstrom without a rebound.
15:08 of 1st period - Pierre-Edouard Bellemare wins face-off versus Aleksander Barkov in NEW YORK I zone.
15:08 of 1st period - Pierre-Edouard Bellemare is hit by Anthony Beauvillier.
15:38 of 1st period - Shot by Aleksander Barkov.
15:38 of 1st period - Deflect By Steven Stamkos.
15:38 of 1st period - Stopped by Jacob Markstrom without a rebound.
15:39 of 1st period - Lars Eller wins face-off versus Logan Couture in NEW YORK I zone.
15:39 of 1st period - Lars Eller is hit by Matt Dumba.
16:09 of 1st period - Shot by Lars Eller.
16:09 of 1st period - Shot Misses the Net.
16:39 of 1st period - Erik Cernak is hit by Ryan Strome.
16:48 of 1st period - Shot by Steven Stamkos.
16:48 of 1st period - Shot Blocked by Esa Lindell.
17:03 of 1st period - Off-side.
17:04 of 1st period - Boone Jenner wins face-off versus Derek Grant in neutral zone.
17:04 of 1st period - Boone Jenner is hit by Derek Grant.
17:43 of 1st period - Shot by Austin Watson.
17:43 of 1st period - Shot Blocked by Jacob Trouba.
17:54 of 1st period - Icing by Jacob Trouba.
17:55 of 1st period - Logan Couture wins face-off versus Derek Grant in COLUMBUS zone.
19:06 of 1st period - Jared Spurgeon is hit by Anthony Beauvillier and loses puck.
19:53 of 1st period - Shot by Marcus Foligno.
19:53 of 1st period - Stopped by David Rittich without a rebound.
19:54 of 1st period - Luke Kunin wins face-off versus Pierre-Edouard Bellemare in COLUMBUS zone.
19:54 of 1st period - Luke Kunin is hit by Cedric Paquette.
Goals for this period are 1 for NEW YORK I vs 2 for COLUMBUS.
Shots for this period are 6 for NEW YORK I vs 11 for COLUMBUS.

2nd period


0:01 of 2nd period - Aleksander Barkov wins face-off versus Logan Couture in neutral zone.
0:25 of 2nd period - Shot by Anthony Beauvillier.
0:25 of 2nd period - Shot Misses the Net.
1:23 of 2nd period - Shot by T.J. Oshie.
1:23 of 2nd period - Stopped by Jacob Markstrom without a rebound.
1:24 of 2nd period - Derek Grant wins face-off versus Brandon Saad in NEW YORK I zone.
1:38 of 2nd period - Minor Penalty to Matt Dumba for High sticking.
1:39 of 2nd period - Aleksander Barkov wins face-off versus Boone Jenner in NEW YORK I zone.
1:40 of 2nd period - Shot by John Carlson.
1:40 of 2nd period - Stopped by Jacob Markstrom without a rebound.
1:41 of 2nd period - Boone Jenner wins face-off versus Aleksander Barkov in NEW YORK I zone.
1:55 of 2nd period - Anthony Beauvillier is hit by Scott Mayfield and loses puck.
1:58 of 2nd period - Shot by Steven Stamkos.
1:58 of 2nd period - Shot Blocked by Troy Stecher.
2:10 of 2nd period - Shot by Aleksander Barkov.
2:10 of 2nd period - Stopped by Jacob Markstrom without a rebound.
2:11 of 2nd period - Boone Jenner wins face-off versus Lars Eller in NEW YORK I zone.
2:26 of 2nd period - Shot by Jacob Trouba.
2:26 of 2nd period - Shot Misses the Net.
2:28 of 2nd period - Shot by T.J. Oshie.
2:28 of 2nd period - Stopped by Jacob Markstrom without a rebound.
2:29 of 2nd period - Aleksander Barkov wins face-off versus Boone Jenner in NEW YORK I zone.
2:30 of 2nd period - Shot by Mattias Ekholm.
2:30 of 2nd period - Stopped by Jacob Markstrom without a rebound.
2:31 of 2nd period - Aleksander Barkov wins face-off versus Boone Jenner in NEW YORK I zone.
3:11 of 2nd period - Steven Stamkos is hit by Scott Mayfield and loses puck.
3:28 of 2nd period - Shot by Lars Eller.
3:28 of 2nd period - Goal by Lars Eller - NEW YORK I : 1 - COLUMBUS : 3.
3:29 of 2nd period - Ryan Strome wins face-off versus Derek Grant in neutral zone.
3:55 of 2nd period - Icing by Derek Grant.
3:56 of 2nd period - Derek Grant wins face-off versus Logan Couture in COLUMBUS zone.
3:56 of 2nd period - Ryan Murray is hit by Nick Foligno and loses puck.
4:10 of 2nd period - Icing by Ryan Murray.
4:11 of 2nd period - Derek Grant wins face-off versus Boone Jenner in COLUMBUS zone.
4:18 of 2nd period - Shot by Derek Grant.
4:18 of 2nd period - Deflect By Cam Atkinson.
4:18 of 2nd period - Shot Blocked by Esa Lindell.
4:20 of 2nd period - Shot by Erik Cernak.
4:20 of 2nd period - Shot Misses the Net.
4:22 of 2nd period - Shot by Ryan Murray.
4:22 of 2nd period - Shot Misses the Net.
4:47 of 2nd period - Icing by Mattias Ekholm.
4:48 of 2nd period - Aleksander Barkov wins face-off versus Ryan Strome in COLUMBUS zone.
4:59 of 2nd period - Minor Penalty to Scott Mayfield for Roughing.
5:00 of 2nd period - Lars Eller wins face-off versus Boone Jenner in NEW YORK I zone.
6:54 of 2nd period - Icing by Jacob Trouba.
6:55 of 2nd period - Boone Jenner wins face-off versus Derek Grant in COLUMBUS zone.
7:33 of 2nd period - Brandon Saad is hit by Erik Cernak and loses puck.
8:03 of 2nd period - Cam Atkinson is hit by Rasmus Ristolainen and loses puck.
8:12 of 2nd period - Shot by Cam Atkinson.
8:12 of 2nd period - Goal by Cam Atkinson - NEW YORK I : 1 - COLUMBUS : 4.
8:13 of 2nd period - Pierre-Edouard Bellemare wins face-off versus Aleksander Barkov in neutral zone.
8:35 of 2nd period - Icing by Ben Chiarot.
8:36 of 2nd period - Aleksander Barkov wins face-off versus Marcus Foligno in COLUMBUS zone.
8:53 of 2nd period - Icing by Anthony Beauvillier.
8:54 of 2nd period - Aleksander Barkov wins face-off versus Logan Couture in COLUMBUS zone.
9:17 of 2nd period - Shot by Nick Foligno.
9:17 of 2nd period - Deflect By Logan Couture.
9:17 of 2nd period - Shot Misses the Net.
9:55 of 2nd period - Shot by Boone Jenner.
9:55 of 2nd period - Stopped by David Rittich without a rebound.
9:56 of 2nd period - Derek Grant wins face-off versus Ryan Strome in COLUMBUS zone.
10:37 of 2nd period - Erik Cernak is hit by Anthony Mantha and loses puck.
11:09 of 2nd period - Lars Eller is hit by Anthony Mantha and loses puck.
11:18 of 2nd period - Shot by Jonathan Drouin.
11:18 of 2nd period - Stopped by Jacob Markstrom without a rebound.
11:19 of 2nd period - Aleksander Barkov wins face-off versus Logan Couture in NEW YORK I zone.
11:24 of 2nd period - Shot by Steven Stamkos.
11:24 of 2nd period - Shot Misses the Net.
11:26 of 2nd period - Shot by Ben Chiarot.
11:26 of 2nd period - Shot Hit the Post.
11:42 of 2nd period - Shot by Steven Stamkos.
11:42 of 2nd period - Stopped by Jacob Markstrom without a rebound.
11:43 of 2nd period - Luke Kunin wins face-off versus Boone Jenner in NEW YORK I zone.
12:12 of 2nd period - Shot by Kaapo Kakko.
12:12 of 2nd period - Shot Misses the Net.
12:14 of 2nd period - Shot by Mattias Ekholm.
12:14 of 2nd period - Shot Blocked by Boone Jenner.
12:16 of 2nd period - Shot by Jack Roslovic.
12:16 of 2nd period - Shot Misses the Net.
12:18 of 2nd period - Shot by Mattias Ekholm.
12:18 of 2nd period - Shot Blocked by Marcus Foligno.
12:43 of 2nd period - Off-side.
12:44 of 2nd period - Logan Couture wins face-off versus Aleksander Barkov in neutral zone.
13:20 of 2nd period - Shot by Josh Bailey.
13:20 of 2nd period - Stopped by David Rittich without a rebound.
13:21 of 2nd period - Lars Eller wins face-off versus Ryan Strome in COLUMBUS zone.
13:53 of 2nd period - Shot by Jonathan Drouin.
13:53 of 2nd period - Stopped by Jacob Markstrom without a rebound.
13:54 of 2nd period - Pierre-Edouard Bellemare wins face-off versus Derek Grant in NEW YORK I zone.
14:17 of 2nd period - Minor Penalty to Pat Maroon for Slashing.
14:18 of 2nd period - Boone Jenner wins face-off versus Aleksander Barkov in NEW YORK I zone.
14:48 of 2nd period - Off-side.
14:49 of 2nd period - Boone Jenner wins face-off versus Lars Eller in neutral zone.
15:06 of 2nd period - Icing by Jonathan Drouin.
15:07 of 2nd period - Austin Watson wins face-off versus Lars Eller in COLUMBUS zone.
15:11 of 2nd period - Icing by Ben Chiarot.
15:12 of 2nd period - Boone Jenner wins face-off versus Lars Eller in COLUMBUS zone.
15:41 of 2nd period - Shot by Ben Chiarot.
15:41 of 2nd period - Shot Misses the Net.
15:43 of 2nd period - Shot by Jonathan Drouin.
15:43 of 2nd period - Deflect By Lars Eller.
15:43 of 2nd period - Shot Misses the Net.
15:45 of 2nd period - Shot by Jacob Trouba.
15:45 of 2nd period - Stopped by Jacob Markstrom with a rebound.
15:47 of 2nd period - Shot by Lars Eller.
15:47 of 2nd period - Goal by Lars Eller - NEW YORK I : 1 - COLUMBUS : 5.
15:48 of 2nd period - Nick Foligno wins face-off versus Aleksander Barkov in neutral zone.
16:10 of 2nd period - Shot by Steven Stamkos.
16:10 of 2nd period - Deflect By Aleksander Barkov.
16:10 of 2nd period - Stopped by Jacob Markstrom without a rebound.
16:11 of 2nd period - Derek Grant wins face-off versus Ryan Strome in NEW YORK I zone.
16:12 of 2nd period - Shot by Cam Atkinson.
16:12 of 2nd period - Deflect By Derek Grant.
16:12 of 2nd period - Stopped by Jacob Markstrom without a rebound.
16:13 of 2nd period - Derek Grant wins face-off versus Ryan Strome in NEW YORK I zone.
16:28 of 2nd period - Shot by Cam Atkinson.
16:28 of 2nd period - Stopped by Jacob Markstrom without a rebound.
16:29 of 2nd period - Lars Eller wins face-off versus Logan Couture in NEW YORK I zone.
16:34 of 2nd period - Shot by Jonathan Drouin.
16:34 of 2nd period - Stopped by Jacob Markstrom with a rebound.
18:33 of 2nd period - Shot by Cam Atkinson.
18:33 of 2nd period - Shot Misses the Net.
18:35 of 2nd period - Shot by Erik Cernak.
18:35 of 2nd period - Deflect By Cam Atkinson.
18:35 of 2nd period - Stopped by Jacob Markstrom without a rebound.
18:36 of 2nd period - Pierre-Edouard Bellemare wins face-off versus Luke Kunin in NEW YORK I zone.
18:52 of 2nd period - Minor Penalty to Carl Gunnarsson for Boarding.
18:53 of 2nd period - Logan Couture wins face-off versus Aleksander Barkov in COLUMBUS zone.
19:08 of 2nd period - Shot by Nick Foligno.
19:08 of 2nd period - Stopped by David Rittich without a rebound.
19:09 of 2nd period - Aleksander Barkov wins face-off versus Ryan Strome in COLUMBUS zone.
19:09 of 2nd period - Aleksander Barkov is hit by Anthony Mantha.
19:21 of 2nd period - Shot by Scott Mayfield.
19:21 of 2nd period - Stopped by David Rittich without a rebound.
19:22 of 2nd period - Aleksander Barkov wins face-off versus Logan Couture in COLUMBUS zone.
19:39 of 2nd period - Shot by Jared Spurgeon.
19:39 of 2nd period - Goal by Jared Spurgeon - NEW YORK I : 2 - COLUMBUS : 5.
19:40 of 2nd period - Ryan Strome wins face-off versus Lars Eller in neutral zone.
Goals for this period are 1 for NEW YORK I vs 3 for COLUMBUS.
Shots for this period are 5 for NEW YORK I vs 17 for COLUMBUS.

3rd period


0:01 of 3rd period - Aleksander Barkov wins face-off versus Logan Couture in neutral zone.
0:25 of 3rd period - Icing by Rasmus Ristolainen.
0:26 of 3rd period - Logan Couture wins face-off versus Lars Eller in NEW YORK I zone.
0:26 of 3rd period - Logan Couture is hit by T.J. Oshie.
0:59 of 3rd period - Off-side.
1:00 of 3rd period - Boone Jenner wins face-off versus Aleksander Barkov in neutral zone.
1:37 of 3rd period - John Carlson is hit by Matt Dumba.
1:38 of 3rd period - Minor Penalty to Matt Dumba for High sticking.
1:39 of 3rd period - Lars Eller wins face-off versus Cedric Paquette in NEW YORK I zone.
1:58 of 3rd period - Shot by Ben Chiarot.
1:58 of 3rd period - Shot Misses the Net.
2:00 of 3rd period - Shot by Ben Chiarot.
2:00 of 3rd period - Shot Blocked by Scott Mayfield.
2:49 of 3rd period - Shot by Mattias Ekholm.
2:49 of 3rd period - Stopped by Jacob Markstrom without a rebound.
2:50 of 3rd period - Aleksander Barkov wins face-off versus Cedric Paquette in NEW YORK I zone.
2:55 of 3rd period - Shot by Steven Stamkos.
2:55 of 3rd period - Shot Misses the Net.
3:01 of 3rd period - Shot by Mattias Ekholm.
3:01 of 3rd period - Shot Blocked by Esa Lindell.
3:03 of 3rd period - Shot by Mattias Ekholm.
3:03 of 3rd period - Stopped by Jacob Markstrom without a rebound.
3:04 of 3rd period - Jonathan Drouin wins face-off versus Boone Jenner in NEW YORK I zone.
3:22 of 3rd period - Jonathan Drouin is hit by Rasmus Ristolainen and loses puck.
3:48 of 3rd period - Minor Penalty to Sean Kuraly for Roughing.
3:49 of 3rd period - Aleksander Barkov wins face-off versus Ryan Strome in COLUMBUS zone.
4:14 of 3rd period - Shot by Ryan Strome.
4:14 of 3rd period - Shot Misses the Net.
4:42 of 3rd period - Icing by Ryan Strome.
4:43 of 3rd period - Derek Grant wins face-off versus Ryan Strome in NEW YORK I zone.
5:57 of 3rd period - Shot by Luke Kunin.
5:57 of 3rd period - Stopped by Jacob Markstrom without a rebound.
5:58 of 3rd period - Luke Kunin wins face-off versus Pierre-Edouard Bellemare in NEW YORK I zone.
6:11 of 3rd period - Shot by Kaapo Kakko.
6:11 of 3rd period - Shot Misses the Net.
6:16 of 3rd period - Ben Hutton is hit by Luke Kunin and loses puck.
6:42 of 3rd period - Marcus Foligno is hit by Erik Cernak and loses puck.
6:58 of 3rd period - Boone Jenner is hit by Erik Cernak and loses puck.
9:16 of 3rd period - Off-side.
9:17 of 3rd period - Derek Grant wins face-off versus Boone Jenner in neutral zone.
10:25 of 3rd period - Shot by Ryan Strome.
10:25 of 3rd period - Shot Blocked by John Carlson.
10:27 of 3rd period - Shot by Ryan Strome.
10:27 of 3rd period - Shot Blocked by Lars Eller.
10:31 of 3rd period - Shot by Anthony Mantha.
10:31 of 3rd period - Deflect By Brandon Saad.
10:31 of 3rd period - Stopped by David Rittich without a rebound.
10:32 of 3rd period - Aleksander Barkov wins face-off versus Pierre-Edouard Bellemare in COLUMBUS zone.
10:32 of 3rd period - Aleksander Barkov is hit by Cedric Paquette.
11:34 of 3rd period - Shot by Josh Bailey.
11:34 of 3rd period - Stopped by David Rittich without a rebound.
11:35 of 3rd period - Lars Eller wins face-off versus Ryan Strome in COLUMBUS zone.
11:44 of 3rd period - Shot by T.J. Oshie.
11:44 of 3rd period - Shot Misses the Net.
11:51 of 3rd period - Lars Eller is hit by Scott Mayfield and loses puck.
13:10 of 3rd period - Shot by Josh Bailey.
13:10 of 3rd period - Shot Misses the Net.
13:51 of 3rd period - Aleksander Barkov is hit by Jared Spurgeon and loses puck.
13:54 of 3rd period - Shot by Mattias Ekholm.
13:54 of 3rd period - Deflect By Aleksander Barkov.
13:54 of 3rd period - Shot Blocked by Jared Spurgeon.
13:56 of 3rd period - Shot by Mattias Ekholm.
13:56 of 3rd period - Stopped by Jacob Markstrom without a rebound.
13:57 of 3rd period - Pierre-Edouard Bellemare wins face-off versus Jack Roslovic in NEW YORK I zone.
14:36 of 3rd period - Icing by Jack Roslovic.
14:37 of 3rd period - Luke Kunin wins face-off versus Logan Couture in COLUMBUS zone.
14:37 of 3rd period - Luke Kunin is hit by Nick Foligno.
15:47 of 3rd period - Shot by Ryan Strome.
15:47 of 3rd period - Stopped by David Rittich without a rebound.
15:48 of 3rd period - Boone Jenner wins face-off versus Lars Eller in COLUMBUS zone.
15:52 of 3rd period - Minor Penalty to Boone Jenner for Hooking.
15:53 of 3rd period - Pierre-Edouard Bellemare wins face-off versus Lars Eller in NEW YORK I zone.
17:09 of 3rd period - Shot by John Carlson.
17:09 of 3rd period - Shot Misses the Net.
17:11 of 3rd period - Shot by Mattias Ekholm.
17:11 of 3rd period - Shot Misses the Net.
17:13 of 3rd period - Shot by Aleksander Barkov.
17:13 of 3rd period - Shot Misses the Net.
18:05 of 3rd period - Shot by Brandon Saad.
18:05 of 3rd period - Stopped by David Rittich without a rebound.
18:06 of 3rd period - Ryan Strome wins face-off versus Luke Kunin in COLUMBUS zone.
18:17 of 3rd period - Shot by Luke Kunin.
18:17 of 3rd period - Shot Misses the Net.
18:28 of 3rd period - Minor Penalty to Ben Hutton for Hooking.
18:29 of 3rd period - Boone Jenner wins face-off versus Aleksander Barkov in NEW YORK I zone.
19:23 of 3rd period - Matt Dumba is hit by T.J. Oshie and loses puck.
19:28 of 3rd period - Shot by Jacob Trouba.
19:28 of 3rd period - Shot Misses the Net.
19:30 of 3rd period - Shot by T.J. Oshie.
19:30 of 3rd period - Shot Blocked by Matt Dumba.
19:32 of 3rd period - Shot by T.J. Oshie.
19:32 of 3rd period - Deflect By Jonathan Drouin.
19:32 of 3rd period - Stopped by Jacob Markstrom without a rebound.
19:33 of 3rd period - Lars Eller wins face-off versus Cedric Paquette in NEW YORK I zone.
Goals for this period are 0 for NEW YORK I vs 0 for COLUMBUS.
Shots for this period are 4 for NEW YORK I vs 5 for COLUMBUS.